 Dungeon Crawl Stone Soup version 0.28.0 (webtiles) character file.

Game seed: 11235989866965343331

299 zazu2006 the Magician (level 6, -3/75 HPs)
             Began as a Naga Hedge Wizard on Feb 13, 2022.
             Slain by a hornet zombie (11 damage)
             ... on level 4 of the Dungeon.
             The game lasted 00:08:18 (4770 turns).

zazu2006 the Magician (Naga Hedge Wizard)           Turns: 4770, Time: 00:08:19

Health: -3/75      AC:  5    Str:  9 (12) XL:     6   Next: 36%
Magic:  6/13       EV: 13    Int: 14 (17) God:
Gold:   140        SH:  0    Dex:  9 (10) Spells: 2/14 levels left

rFire   . . .      SeeInvis +   o - +1 dagger (venom)
rCold   . . .      Faith    .   (no shield)
rNeg    . . .      Spirit   .   g - +0 leather armour
rPois   +          Reflect  .   a - +0 helmet
rElec   .          Harm     .   (no cloak)
rCorr   .          Rampage  .   e - +0 pair of gloves
Will    .....                   (no barding)
Stlth   ..........              (no amulet)
HPRegen 0.22/turn               l - +4 ring of evasion
MPRegen 0.13/turn               (no ring)

@: berserking, quick
A: AC +2, large, see invisible, deformed body, poison resistance, slowness 2,
spit poison 1, naga tail 1
a: Spit Poison


You were on level 4 of the Dungeon.
You visited 1 branch of the dungeon, and saw 4 of its levels.

You collected 140 gold pieces.

Inventory:

Hand Weapons
 o - a +1 dagger of venom (weapon)
Missiles
 f - 11 poisoned darts
Armour
 a - a +0 helmet (worn)
 c - a +0 hat
 e - a +0 pair of gloves (worn)
 g - a +0 leather armour (worn)
Jewellery
 l - a +4 ring of evasion (left hand)
 t - a +4 ring of protection
Wands
 p - a wand of polymorph (4)
Scrolls
 d - a scroll of blinking {unknown}
 h - a scroll of noise
 m - a scroll of fear {unknown}
 q - a scroll of amnesia
 r - a scroll of vulnerability {unknown}
Potions
 j - a potion of haste


   Skills:
 + Level 0.8 Fighting
 + Level 1.2 Armour
 + Level 2.1 Dodging
 + Level 3.3 Stealth
 + Level 4.6 Spellcasting
 + Level 2.5 Conjurations
 + Level 1.2 Summonings
 + Level 1.0 Translocations
 * Level 3.0 Poison Magic


You had 2 spell levels left.
You knew the following spells:

 Your Spells              Type           Power      Damage    Failure   Level
a - Magic Dart            Conj           40%        1d5       9%          1
b - Mephitic Cloud        Conj/Pois/Air  8%         N/A       34%         3
c - Conjure Flame         Conj/Fire      6%         6-21      41%         3
d - Blink                 Tloc           12%        N/A       24%         2
e - Stone Arrow           Conj/Erth      12%        3d7       41%         3

Your spell library contained the following spells:

 Spells                   Type           Power      Damage    Failure   Level
 Summon Small Mammal      Summ           24%        N/A       16%         1
 Call Imp                 Summ           6%         N/A       22%         2
 Slow                     Hex            12%        N/A       26%         1
 Call Canine Familiar     Summ           6%         N/A       41%         3
 Summon Guardian Golem    Hex/Summ       4%         N/A       50%         3
 Animate Armour           Summ/Erth      8%         N/A       88%         4
 Lehudib's Crystal Spear  Conj/Erth      3%         10d2      100%        8


Dungeon Overview and Level Annotations

Branches:
Dungeon (4/15)
 Temple: D:4-7

Altars:

Shops:
D:1 =


Innate Abilities, Weirdness & Mutations

Your serpentine skin is tough. (AC +2)
You have supernaturally acute eyesight. (SInv)
Armour fits poorly on your strangely shaped body.
Your system is resistant to poisons. (rPois)
You cover ground very slowly.
You can spit poison.
You have a snake-like lower body.


Message History

j - a potion of haste The hornet zombie hits you but does no damage.
The hornet zombie barely misses you.
It was a potion of degeneration.
There was something very wrong with that liquid.
You feel weakened.
You feel dopey.
You feel clumsy. The hornet zombie hits you!
It was a potion of cancellation.
You feel magically purged.
Your magical contamination has completely faded away.
The hornet zombie hits you but does no damage.
It was a potion of curing.
You feel better.
The hornet zombie hits you but does no damage.
It was a potion of berserk rage.
A red film seems to cover your vision as you go berserk!
You feel yourself moving faster!
You feel mighty! The hornet zombie closely misses you.
The hornet zombie hits you!
You hit the hornet zombie.
The hornet zombie is lightly damaged.
The hornet zombie barely misses you.
You barely miss the hornet zombie.
The hornet zombie is lightly damaged.
The hornet zombie hits you!
* * * LOW HITPOINT WARNING * * *
You closely miss the hornet zombie.
The hornet zombie is lightly damaged.
You barely miss the hornet zombie.
The hornet zombie is lightly damaged.
The hornet zombie hits you!
* * * LOW HITPOINT WARNING * * *
You puncture the hornet zombie!
The hornet zombie is lightly damaged.
The hornet zombie hits you.
* * * LOW HITPOINT WARNING * * *
You hit the hornet zombie but do no damage.
The hornet zombie is lightly damaged.
The hornet zombie misses you.
You barely miss the hornet zombie.
The hornet zombie is lightly damaged.
The hornet zombie hits you!
You die...

...............
#######...###.# # ##
##...############.#
.+
#.................#
.#
#.................#
.#
#..............Z...
#######+####'###.###
##..###.####.###Z#
........#....#..@#
........#....#...#
........#....'...#
........#....#...#
##.###.###.#######
##.###.###.######
#..#............#
#..#.....>......#
#..#............#


You could see a hornet zombie.

Vanquished Creatures
  A scorpion (D:4)
  A hound (D:3)
  An iguana (D:4)
  Robin (D:2)
  2 adders (D:2)
  3 gnolls (D:2)
  An adder skeleton (D:4)
  2 worms (D:3)
  5 dart slugs
  3 orcs (D:3)
  4 endoplasms
  A giant cockroach (D:3)
  19 goblins
  13 hobgoblins
  8 jackals
  3 kobolds
  6 quokkas
  7 ball pythons
  8 bats
  7 frilled lizards
  4 rats
100 creatures vanquished.

Notes
Turn   | Place    | Note
-------+----------+-------------------------------------------
     0 | D:1      | zazu2006 the Naga Hedge Wizard began the quest for the Orb.
     0 | D:1      | Reached XP level 1. HP: 15/15 MP: 4/4
   126 | D:1      | Found Kauptageb's Jewellery Boutique.
   227 | D:1      | Reached XP level 2. HP: 16/22 MP: 6/6
   726 | D:1      | Reached XP level 3. HP: 28/28 MP: 6/8
   730 | D:1      | Learned a level 3 spell: Mephitic Cloud
   734 | D:1      | Learned a level 3 spell: Conjure Flame
   737 | D:1      | Learned a level 2 spell: Blink
   842 | D:1      | Found a faded altar of an unknown god.
  1653 | D:2      | Reached skill level 4 in Spellcasting
  1672 | D:2      | Reached XP level 4. HP: 33/36 MP: 1/10
  2001 | D:2      | Noticed Robin
  2007 | D:2      | Killed Robin
  2500 | D:2      | Reached XP level 5. HP: 34/43 MP: 4/11
  2976 | D:3      | Reached skill level 1 in Poison Magic
  4461 | D:4      | Reached skill level 1 in Armour
  4461 | D:4      | Reached XP level 6. HP: 43/50 MP: 10/12
  4465 | D:4      | Learned a level 3 spell: Stone Arrow
  4770 | D:4      | Slain by a hornet zombie

Illustrated notes

Levels and vault maps discovered:
D:1:      dpeg_arrival_subterranean_lakeside_camping, layout_loops_ring,
          shapermc_ecumenical_altar_totnotflames, serial_shops,
          nicolae_shop_statue_plus, minmay_strange_pillars, st_stairs_9,
          minmay_tiny_reverse_x
D:2:      layout_basic, uniq_robin
D:3:      layout_basic, lightli_corner_chamber
D:4:      layout_gridville, minmay_temple_entry_poolview

Skill      XL: |  1  2  3  4  5  6 |
---------------+-------------------+-----
Dodging        | 2 |  2.1
Spellcasting   | 4 |  4.6
Conjurations   | 2 |  2.5
Poison Magic   | 2 3 |  3.0
Armour         | 1 |  1.2
Fighting       | |  0.8
Stealth        | |  3.3
Summonings     | |  1.2
Translocations | |  1.0

Action                   |  1- 3 |  4- 6 || total
-------------------------+-------+-------++-------
Melee: Dagger            |    26 |    78 ||   104
 Cast: Magic Dart        |    82 |   109 ||   191
       Conjure Flame     |       |     1 ||     1
       Stone Arrow       |       |     1 ||     1
 Abil: Spit Poison       |     7 |    18 ||    25
  Use: Potion            |       |     4 ||     4
       Scroll            |       |     3 ||     3
 Stab: Sleeping          |     1 |     3 ||     4
Armor: Leather armour    |    15 |    23 ||    38
Dodge: Dodged            |    35 |    62 ||    97
